cohdb
Replays
Latest Replays
All Replays
Popular Replays
Top Player Replays
Match Explorer
How It Works
Community
CoH3 Stats
Reddit
Sign in to upload your games and track your stats! →
Sign in with Steam
Match 35512655
Unlisted
Match 35512655
Overview
Messages
Build Orders
End
Construct Infanterie Kompanie
GrW 34 Mortar Team
GrW 34 Mortar Team
Grenadier Squad
Grenadier Squad
Infanterie Officer Quarters
Selects Italian Coastal Battlegroup
Selects Coastal Reserves
Construct Panzergrenadier Kompanie
Selects Artillery Officer
Artillery Officer
Construct Panzergrenadier Kompanie
Pak 40 Anti-tank Gun Team
Support Elements
Selects Support Bunkers
Nebelwerfer 42 Rocket Launcher Team
Coastal Reserve
Construct Panzer Kompanie
Selects Designated Artillery Overwatch
Coastal Reserve
Selects Bulwark
Sturmpanzer IV Brummbär
Pioneer Squad
Panzer IV Medium Tank
Selects Coastal Wall
Side Skirts
Panzer IV Medium Tank
Designated Artillery Overwatch
Pioneer Squad
Panzer Officer Quarters
Panzer IV Medium Tank
iceman
UH|ck
UH|XTC
Zehel
Krooger
Voudou Pete
0
0
Comments
sign in to comment!
No comments posted yet!